 Dungeon Crawl Stone Soup version 0.27-a0-1200-g94dc6ad4cf (console) character file.

Game seed: 15111543759735075444

1 Gather the Caller (level 1, 0/10 HPs)
             Began as a Kobold Summoner on May 30, 2021.
             Slain by a quokka (1 damage)
             ... on level 1 of the Dungeon.
             The game lasted 00:00:55 (195 turns).

Gather the Caller (Kobold Summoner)                  Turns: 195, Time: 00:00:55

Health: 0/10       AC:  2    Str:  5    XL:     1   Next: 22%
Magic:  1/3        EV: 15    Int: 16    God:
Gold:   0          SH:  0    Dex: 15    Spells: 3/4 levels left

rFire    . . .     SeeInvis .   (weapon restricted)
rCold    . . .     Faith    .   (shield restricted)
rNeg     . . .     Spirit   .   a - +0 robe
rPois    .         Reflect  .   (no helmet)
rElec    .         Harm     .   (no cloak)
rCorr    .         Rampage  .   (no gloves)
Will     .....                  (no boots)
Stlth    +++.......             (no amulet)
HPRegen  0.03/turn              (no ring)
MPRegen  0.08/turn              (no ring)

@: no status effects
A: small, no large weapons, nightstalker 3
a: no special abilities


You were on level 1 of the Dungeon.
You visited 1 branch of the dungeon, and saw 1 of its levels.

Inventory:

Armour
 a - a +0 robe (worn)


   Skills:
 + Level 0.1 Fighting
 + Level 2.4 Dodging
 + Level 2.7 Stealth
 - Level 2.1 Spellcasting
 - Level 4.0 Summonings


You had 3 spell levels left.
You knew the following spells:

 Your Spells              Type           Power      Damage    Failure   Level
a - Summon Small Mammal   Summ           56%        N/A       4%          1

Your spell library contained the following spells:

 Spells                   Type           Power      Damage    Failure   Level
 Call Imp                 Summ           14%        N/A       6%          2
 Call Canine Familiar     Summ           14%        N/A       12%         3
 Summon Guardian Golem    Hex/Summ       8%         N/A       26%         3
 Summon Ice Beast         Ice/Summ       8%         N/A       65%         4
 Summon Lightning Spire   Summ/Air       8%         N/A       65%         4


Dungeon Overview and Level Annotations

Branches:
Dungeon (1/15)

Altars:


Innate Abilities, Weirdness & Mutations

You are small and have problems with some larger weapons.
You are completely attuned to the shadows.


Message History

Your bat hits the quokka but does no damage.
Your bat closely misses the quokka.
The quokka barely misses you.
Your bat barely misses the quokka.
Your bat hits the quokka.
Your bat barely misses the quokka.
The quokka misses you.
You barely miss the quokka.
The quokka is moderately wounded.
Your bat hits the quokka but does no damage.
Your bat closely misses the quokka.
Your bat barely misses the quokka.
Your bat hits the quokka but does no damage.
The quokka bites you.
* * * LOW HITPOINT WARNING * * *
Your bat hits the quokka but does no damage.
Your bat misses the quokka.
Your bat completely misses the quokka.
The quokka bites your bat.
Your bat dies!
Your bat's corpse disappears in a puff of smoke!
Your bat barely misses the quokka.
What are your orders? t - Shout!
Orders for allies: a - Attack new target. r - Retreat! s - Stop attacking. g - Guard the area. f - Follow me.
Anything else - Cancel.
Gang up on whom?
Press: ? - help, Dir - move target, f - quokka
Aim: a quokka (moderately wounded, ally target) Attack!
Your bat hits the quokka but does no damage.
Your bat closely misses the quokka.
Your bat hits the quokka but does no damage.
Your bat hits the quokka.
You are too injured to fight recklessly!
You hit the quokka.
The quokka is severely wounded.
Your bat closely misses the quokka.
Your bat barely misses the quokka.
The quokka barely misses you.
You closely miss the quokka.
The quokka is severely wounded.
Your bat disappears in a puff of smoke!
Your bat hits the quokka. The quokka bites you.
* * * LOW HITPOINT WARNING * * *
The quokka bites you.
You die...

#+#..##........#
...#........#
#...#####+##
......#
#########.##
#..........#
#..........#
#..........#
#..........#
#########b######
#.@.....
#..r†...
#....§..
##...... #.....$
#######


You could see a quokka (ally target) and a friendly bat (summoned).

Vanquished Creatures (collateral kills)
  A quokka (D:1)
  A rat (D:1)
2 creatures vanquished.

Vanquished Creatures (others)
  A bat (D:1)
1 creature vanquished.

Grand Total: 3 creatures vanquished

Notes
Turn   | Place    | Note
-------+----------+-------------------------------------------
     0 | D:1      | Gather the Kobold Summoner began the quest for the Orb.
     0 | D:1      | Reached XP level 1. HP: 10/10 MP: 3/3
   195 | D:1      | Slain by a quokka

Illustrated notes

Levels and vault maps discovered:
D:1:      grunt_arrival_crossed_arrows, layout_basic,
          chequers_ecumenical_altar_simple_redux, lemuel_old_faithful

Action                   || total
-------------------------++-------
Melee: Unarmed           ||    15
 Cast: Summon Small Mamm ||     5
 Stab: Sleeping          ||     2
Armor: Robe              ||     1
Dodge: Dodged            ||    14

Table legend: (Time is in decaauts)
 A = Elapsed time spent in this place.
 B = Non-inter-level travel time spent in this place.
 C = Inter-level travel time spent in this place.
 D = Time resting spent in this place.
 E = Time spent auto-exploring this place.
 F = Levels seen in this place.
 G = Mean time per level.
                   A        B        C        D        E       F      G
               +--------+--------+--------+--------+--------+-----+--------+
         Total |    195 |    195 |      0 |      0 |    159 |   1 |  195.0 |
       Dungeon |    195 |    195 |      0 |      0 |    159 |   1 |  195.0 |
               +--------+--------+--------+--------+--------+-----+--------+

Top non-repeatable levels by time:
     D:1: 195 daAuts
